[Event "ICC tourney 2001 (30 10)"]
[Site "Internet Chess Club"]
[Date "2020.09.12"]
[Round "1"]
[White "drberkley"]
[Black "rychessmaster1"]
[Result "0-1"]
[ICCResult "White resigns"]
[WhiteElo "1909"]
[BlackElo "2206"]
[Opening "Vienna gambit"]
[ECO "C29"]
[NIC "VG.03"]
[Time "11:04:03"]
[TimeControl "1800+10"]

1. e4 e5 2. Nc3 Nf6 3. f4 d5 4. fxe5 Nxe4 5. Nf3 Nc6 6. Bb5 Bg4 7. d4 Bb4 8.
Bd2 Bxf3 9. Qxf3 Nxd2 10. Kxd2 O-O 11. Bxc6 bxc6 12. Qe3 c5 13. h4 cxd4 14.
Qxd4 c5 15. Qxd5 Qxd5+ {White resigns} 0-1

[Event "ICC tourney 2001 (30 10)"]
[Site "Internet Chess Club"]
[Date "2020.09.12"]
[Round "1"]
[White "smilingfloor"]
[Black "tedchen"]
[Result "0-1"]
[ICCResult "White checkmated"]
[WhiteElo "1941"]
[BlackElo "2299"]
[Opening "Robatsch defense: two knights variation"]
[ECO "B06"]
[NIC "KF.05"]
[Time "11:04:15"]
[TimeControl "1800+10"]

1. e4 g6 2. d4 Bg7 3. Nf3 d6 4. Nc3 Nc6 5. Be3 e5 6. dxe5 Nxe5 7. Nxe5 Bxe5
8. Be2 Ne7 9. O-O O-O 10. Bd4 Nc6 11. Bxe5 dxe5 12. Qxd8 Rxd8 13. Nd5 Nd4
14. Bd3 c6 15. Ne7+ Kg7 16. Nxc8 Raxc8 17. Rad1 b5 18. c3 Ne6 19. Bc2 c5 20.
g3 c4 21. Kg2 a5 22. a3 h5 23. h4 Rb8 24. Kf3 b4 25. Rxd8 Rxd8 26. cxb4 Nd4+
27. Kg2 Nxc2 28. Rc1 Nd4 29. Rxc4 a4 30. Rc5 Nb3 31. Rxe5 Rd2 32. b5 Rxb2
33. b6 Nd4 34. Ra5 Rxb6 35. Rxa4 Ne6 36. f3 Rb2+ 37. Kh3 Nc5 38. Ra5 Nd3 39.
g4 hxg4+ 40. Kxg4 Rg2+ 41. Kh3 Nf4# {White checkmated} 0-1

[Event "ICC tourney 2001 (30 10)"]
[Site "Internet Chess Club"]
[Date "2020.09.12"]
[Round "1"]
[White "NyzhnykIllia"]
[Black "town"]
[Result "1-0"]
[ICCResult "Black resigns"]
[WhiteElo "2760"]
[BlackElo "2152"]
[Opening "QGD Slav: 3.Nf3"]
[ECO "D11"]
[NIC "SL.01"]
[Time "11:04:04"]
[TimeControl "1800+10"]

1. d4 d5 2. c4 c6 3. Nf3 Nf6 4. Qc2 g6 5. g3 Bf5 6. Qb3 Qb6 7. Nc3 dxc4 8.
Qxc4 Bg7 9. Bg2 O-O 10. O-O Nbd7 11. e3 Ne4 12. Qe2 e5 13. Nxe4 Bxe4 14.
Nxe5 Bxg2 15. Nxd7 Bxf1 16. Kxf1 Qb4 17. Nxf8 Rxf8 18. Qd3 c5 19. a3 Qb6 20.
d5 Rd8 21. Rb1 f5 22. b4 cxb4 23. Bb2 Qa6 24. Qxa6 bxa6 25. Bxg7 Kxg7 26.
Rxb4 Rxd5 27. Ra4 a5 28. Rd4 Rb5 29. Rd7+ Kf6 30. Rxa7 h5 31. Ra6+ Kg5 32.
h4+ Kh6 33. Kg2 Kg7 34. Kf3 Kf7 35. Kf4 Rc5 36. f3 Kg7 37. Kg5 Kh7 38. Ra7+
{Black resigns}
1-0

[Event "ICC tourney 2001 (30 10)"]
[Site "Internet Chess Club"]
[Date "2020.09.12"]
[Round "1"]
[White "cooljay"]
[Black "TjkTiger"]
[Result "0-1"]
[ICCResult "White resigns"]
[WhiteElo "2058"]
[BlackElo "2612"]
[Opening "Sicilian: accelerated fianchetto, Maróczy bind, 6.Be3"]
[ECO "B38"]
[NIC "SI.43"]
[Time "11:04:04"]
[TimeControl "1800+10"]

1. e4 c5 2. Nf3 g6 3. d4 cxd4 4. Nxd4 Bg7 5. c4 Nc6 6. Be3 d6 7. Nc3 Qb6 8.
Nb3 Bxc3+ 9. bxc3 Qc7 10. Be2 Nf6 11. f3 O-O 12. O-O b6 13. Nd4 Na5 14. Qa4
Ba6 15. Nb5 Qc6 16. Bd4 Nd7 17. f4 Nc5 18. Qc2 Nxe4 19. Bf3 f5 20. Rfe1 Nxc4
21. Rxe4 fxe4 22. Bxe4 d5 23. Bxd5+ Qxd5 24. Nc7 Qb7 25. Nxa8 Qxa8 26. Qe2
Rf7 27. Qe6 Qc8 28. Qd5 Bb7 29. Qg5 Qf5 {White resigns} 0-1

[Event "ICC tourney 2001 (30 10)"]
[Site "Internet Chess Club"]
[Date "2020.09.12"]
[Round "1"]
[White "Openyagami"]
[Black "Baseballchamp"]
[Result "1-0"]
[ICCResult "Black resigns"]
[WhiteElo "2621"]
[BlackElo "2069"]
[Opening "English opening"]
[ECO "A20"]
[NIC "EO.24"]
[Time "11:04:10"]
[TimeControl "1800+10"]

1. c4 e5 2. g3 c6 3. Bg2 d5 4. cxd5 cxd5 5. Qb3 Nf6 6. Nc3 Be6 7. Qxb7 Nbd7
8. Qb5 Bc5 9. Nf3 Rb8 10. Qa4 O-O 11. O-O Rb4 12. Qd1 d4 13. Na4 e4 14. Ng5
Bd5 15. Nxc5 Nxc5 16. b3 Ng4 17. Ba3 Qxg5 18. Bxb4 e3 19. dxe3 Bxg2 20. Kxg2
Qd5+ 21. Kg1 Qh5 22. h4 dxe3 23. f3 Qe5 24. Kg2 Ne4 25. f4 Qb5 26. Bxf8 Nef2
27. Rxf2 Nxf2 28. Qd8 Qb7+ 29. Kh2 h5 30. Bc5+ Kh7 31. Bxe3 Ng4+ 32. Kg1
Nxe3 33. Qd3+ g6 34. Qxe3 {Black resigns} 1-0

[Event "ICC tourney 2001 (30 10)"]
[Site "Internet Chess Club"]
[Date "2020.09.12"]
[Round "1"]
[White "jy2020"]
[Black "JunlinTheWorld"]
[Result "1-0"]
[ICCResult "Black checkmated"]
[WhiteElo "2246"]
[BlackElo "1911"]
[Opening "Sicilian: dragon, Yugoslav attack, 10.O-O-O"]
[ECO "B78"]
[NIC "SI.18"]
[Time "11:04:07"]
[TimeControl "1800+10"]

1. e4 c5 2. Nf3 d6 3. d4 cxd4 4. Nxd4 Nf6 5. Nc3 g6 6. Be3 Bg7 7. f3 O-O 8.
Qd2 Nc6 9. Bc4 Bd7 10. O-O-O Rc8 11. Bb3 Na5 12. Kb1 a6 13. g4 Nc4 14. Bxc4
Rxc4 15. h4 b5 16. h5 Qb8 17. hxg6 fxg6 18. Nd5 e5 19. Nb3 Nxd5 20. Qxd5+
Rf7 21. Rxh7 Qc8 22. Rh2 Be6 23. Qxd6 Rxf3 24. Bh6 Bxh6 25. Rxh6 Kg7 26.
Qxe5+ Rf6 27. Rdh1 Bg8 28. g5 Rxc2 29. Qxf6# {Black checkmated} 1-0

[Event "ICC tourney 2001 (30 10)"]
[Site "Internet Chess Club"]
[Date "2020.09.12"]
[Round "1"]
[White "Singireddy"]
[Black "helavir"]
[Result "0-1"]
[ICCResult "White resigns"]
[WhiteElo "2071"]
[BlackElo "2642"]
[Opening "Caro-Kann: anti-anti-Caro-Kann defense"]
[ECO "B10"]
[NIC "CK.01"]
[Time "11:04:58"]
[TimeControl "1800+10"]

1. e4 c6 2. c4 d5 3. cxd5 cxd5 4. exd5 Nf6 5. Nc3 Nxd5 6. Nf3 g6 7. Bc4 Nb6
8. Bb3 Bg7 9. h3 O-O 10. O-O Nc6 11. Re1 e5 12. d3 Bf5 13. Ne4 h6 14. g4 Bc8
15. Be3 Na5 16. Bc2 f5 17. gxf5 gxf5 18. Nc3 Qf6 19. Bc5 Re8 20. b4 Nc6 21.
Bb3+ Kh8 22. Rc1 Be6 23. Bxe6 Rxe6 24. Kh2 Rg8 25. Qb3 e4 26. dxe4 Ne5 27.
Nd5 Nxf3+ 28. Qxf3 Qe5+ 29. Qg3 fxe4 30. Qxe5 Bxe5+ 31. f4 exf3+ 32. Rxe5
Rxe5 33. Bd4 Rg2+ 34. Kh1 Nxd5 35. Bxe5+ Kh7 36. Rg1 Rxg1+ 37. Kxg1 Nxb4 38.
a3 Nd3 39. Bd4 a6 40. Bf2 Kg6 41. Be3 h5 42. h4 Kf5 43. Kh2 Kg4 {White
resigns} 0-1

[Event "ICC tourney 2001 (30 10)"]
[Site "Internet Chess Club"]
[Date "2020.09.12"]
[Round "1"]
[White "IndianTerritory"]
[Black "coolsportsguy"]
[Result "1/2-1/2"]
[ICCResult "Game drawn by mutual agreement"]
[WhiteElo "2001"]
[BlackElo "2267"]
[Opening "French: Burn variation"]
[ECO "C11"]
[NIC "FR.05"]
[Time "11:08:31"]
[TimeControl "1800+10"]

1. e4 e6 2. d4 d5 3. Nc3 Nf6 4. Bg5 dxe4 5. Nxe4 Nbd7 6. Nxf6+ Nxf6 7. Nf3
h6 8. Be3 Bd6 9. Bc4 b6 10. O-O Bb7 11. c3 O-O 12. Qc2 Ng4 13. Rfd1 Bxf3 14.
gxf3 Nxe3 15. fxe3 Qg5+ 16. Kf2 Bxh2 17. f4 Qg3+ 18. Ke2 c5 19. Qe4 cxd4 20.
cxd4 Rac8 21. Bd3 g6 22. Rf1 h5 23. Rf2 Qg4+ 24. Qf3 Bg3 25. Qxg4 hxg4 26.
Rg2 Bh4 27. Rxg4 Bf6 28. Rh1 Rc7 29. f5 exf5 30. Bxf5 Re8 31. Kd3 Bg7 32.
Be4 Rce7 33. Rh3 Rd8 34. Rg2 Rd6 35. Bf3 {Game drawn by mutual agreement}
1/2-1/2

[Event "ICC tourney 2001 (30 10)"]
[Site "Internet Chess Club"]
[Date "2020.09.12"]
[Round "1"]
[White "espark"]
[Black "gsmenon"]
[Result "1-0"]
[ICCResult "Black checkmated"]
[WhiteElo "2305"]
[BlackElo "1955"]
[Opening "Giuoco Pianissimo"]
[ECO "C50"]
[NIC "IG.02"]
[Time "11:04:10"]
[TimeControl "1800+10"]

1. e4 e5 2. Nf3 Nc6 3. Bc4 Bc5 4. d3 Nf6 5. O-O h6 6. c3 O-O 7. a4 d5 8.
exd5 Nxd5 9. b4 Be7 10. Re1 Bf6 11. Qc2 Bf5 12. a5 a6 13. Ra3 Bg6 14. Nbd2
Qd7 15. Ne4 Be7 16. Ra1 Rad8 17. Be3 Kh8 18. Bc5 Bxc5 19. Nxc5 Qg4 20. Bxd5
Rxd5 21. h3 Qf4 22. Re3 Nd8 23. c4 Rd6 24. Nxe5 Nc6 25. Nxc6 Rxc6 26. Rae1
Qd4 27. Nxb7 Rb8 28. Re8+ Rxe8 29. Rxe8+ Kh7 30. Nc5 Rf6 31. Re3 Qd6 32. Qc3
Rf4 33. Ne4 Bxe4 34. Rxe4 Rf6 35. g3 Rg6 36. Rg4 Rf6 37. Re4 Qd7 38. Kg2 Qc6
39. Qd4 Rd6 40. Qc5 Qd7 41. Re3 Rc6 42. Qe5 Rf6 43. Qe4+ Rg6 44. h4 f5 45.
Qf3 Rf6 46. h5 Qd6 47. c5 Qd7 48. Re5 Qf7 49. d4 f4 50. Qe4+ Kh8 51. Re8+
Qf8 52. Rxf8+ Rxf8 53. gxf4 Kg8 54. Qe6+ Kh7 55. f5 Rb8 56. f6 gxf6 57. Qf7+
Kh8 58. Qxf6+ Kg8 59. Qg6+ Kh8 60. Qxh6+ Kg8 61. Qg6+ Kh8 62. Qf6+ Kh7 63.
Qf7+ Kh6 64. Qg6# {Black checkmated} 1-0

[Event "ICC tourney 2001 (30 10)"]
[Site "Internet Chess Club"]
[Date "2020.09.12"]
[Round "1"]
[White "MrNormalName"]
[Black "tcao"]
[Result "0-1"]
[ICCResult "White resigns"]
[WhiteElo "2164"]
[BlackElo "1882"]
[Opening "QGD: exchange, positional line, 5...c6"]
[ECO "D35"]
[NIC "QO.16"]
[Time "11:04:58"]
[TimeControl "1800+10"]

1. d4 e6 2. c4 d5 3. Nc3 Nf6 4. cxd5 exd5 5. Bg5 c6 6. e3 Bd6 7. Bd3 O-O 8.
Nge2 h6 9. Bf4 Bxf4 10. Nxf4 b5 11. O-O a5 12. Rc1 Re8 13. a4 b4 14. Nb1 Ba6
15. Bxa6 Rxa6 16. Nd2 Nbd7 17. Qe2 Qb6 18. Nb3 Raa8 19. Nd3 Ne4 20. Nbc5
Nexc5 21. Nxc5 Nxc5 22. Rxc5 Rac8 23. Rfc1 Red8 24. Qc2 Rd6 25. b3 g6 26. h4
h5 27. Qe2 Kg7 28. Qf3 Rf6 29. Qg3 Re8 30. Qh3 Ree6 31. g3 Qa6 32. Qf1 Qb6
33. Qd3 Kf8 34. Kf1 Kg7 35. Ke2 Kf8 36. R1c2 Kg7 37. Kd1 Kf8 38. Kc1 Kg7 39.
Kb2 Kf8 40. Qd1 Kg7 41. Qg1 Kf8 42. Rc1 Kg7 43. R5c2 Kf8 44. g4 hxg4 45.
Qxg4 Rf5 46. Rh1 Rh5 47. Qf4 Kg7 48. Rh3 Qd8 49. Qg4 Re4 50. f4 Qf6 51. Ka2
Re8 52. Rc5 Rxe3 53. Rxe3 Qxd4 54. Rg3 Qxc5 55. f5 Qc2+ 56. Ka1 Rxf5 57.
Qd4+ Kh7 58. Qb2 Qxb2+ 59. Kxb2 Kh6 60. Rg2 Kh5 61. Rc2 Rf6 62. Rc5 Kxh4 63.
Rxa5 g5 64. Rc5 Kg4 65. a5 Rd6 66. a6 Rd8 67. Rxc6 Ra8 68. Rf6 Kh3 69. Kc2
g4 70. Rxf7 g3 71. Rh7+ Kg4 72. Rg7+ Kf3 73. Rf7+ Ke2 74. Re7+ Kf1 75. Rf7+
Kg1 76. a7 g2 77. Kd3 Kh2 78. Rh7+ Kg3 79. Rg7+ Kf3 80. Kd4 Rxa7 81. Rxa7
g1=Q+ 82. Kxd5 Qxa7 83. Kc4 Qa6+ 84. Kxb4 Qb6+ {White resigns} 0-1

[Event "ICC tourney 2001 (30 10)"]
[Site "Internet Chess Club"]
[Date "2020.09.12"]
[Round "2"]
[White "TjkTiger"]
[Black "Xuanli28"]
[Result "1/2-1/2"]
[ICCResult "Game drawn by mutual agreement"]
[WhiteElo "2597"]
[BlackElo "2122"]
[Opening "King's Indian: fianchetto, Uhlmann (Szabo) variation"]
[ECO "E62"]
[NIC "KI.72"]
[Time "13:03:19"]
[TimeControl "1800+10"]

1. c4 Nf6 2. Nc3 g6 3. g3 Bg7 4. Bg2 d6 5. d4 O-O 6. Nf3 Nc6 7. O-O e5 8.
dxe5 dxe5 9. Bg5 Be6 10. Nd2 h6 11. Bxf6 Qxf6 {Game drawn by mutual
agreement} 1/2-1/2

[Event "ICC tourney 2001 (30 10)"]
[Site "Internet Chess Club"]
[Date "2020.09.12"]
[Round "2"]
[White "HR2005"]
[Black "Openyagami"]
[Result "0-1"]
[ICCResult "White resigns"]
[WhiteElo "2074"]
[BlackElo "2622"]
[Opening "Sicilian: Labourdonnais-Löwenthal (Kalashnikov) variation"]
[ECO "B32"]
[NIC "SI.32"]
[Time "13:02:57"]
[TimeControl "1800+10"]

1. e4 c5 2. Nf3 Nc6 3. d4 cxd4 4. Nxd4 e5 5. Nb5 d6 6. N1c3 a6 7. Na3 b5 8.
Nd5 Nge7 9. c4 Nxd5 10. exd5 Nd4 11. cxb5 g6 12. bxa6 Bg7 13. Nb5 O-O 14.
Nxd4 exd4 15. Be2 d3 16. Bxd3 Re8+ 17. Kf1 Qa5 18. Be3 Bxa6 19. Bxa6 Qxa6+
20. Qe2 Bxb2 21. Rb1 Qxa2 22. Rd1 Qa4 23. Qd3 Rac8 24. g3 Rc3 25. Qd2 Qc4+
26. Qe2 Qe4 27. Rg1 Bc1 28. Rd4 Qe5 29. Rd3 Bxe3 30. Rxe3 Rxe3 31. Qxe3 Qxe3
32. fxe3 Rxe3 33. Kf2 Rd3 34. Re1 Rxd5 35. Re8+ Kg7 36. Rd8 h5 37. h3 Rd3
38. g4 Rxh3 39. gxh5 Rxh5 40. Rd7 Rd5 41. Kf3 Kf6 42. Ke4 Ke6 43. Rd8 Re5+
44. Kf4 g5+ 45. Kg4 f6 46. Re8+ Kd5 47. Rf8 Re4+ 48. Kf5 Rf4+ 49. Kg6 Kd4
50. Rd8 d5 {White resigns} 0-1

[Event "ICC tourney 2001 (30 10)"]
[Site "Internet Chess Club"]
[Date "2020.09.12"]
[Round "2"]
[White "rychessmaster1"]
[Black "NyzhnykIllia"]
[Result "0-1"]
[ICCResult "White checkmated"]
[WhiteElo "2200"]
[BlackElo "2760"]
[Opening "Queen's pawn: Chigorin variation"]
[ECO "D00"]
[NIC "QP.08"]
[Time "13:02:56"]
[TimeControl "1800+10"]

1. d4 d5 2. Nc3 Bf5 3. Bf4 e6 4. e3 Bb4 5. Bd3 Ne7 6. Ne2 O-O 7. O-O Nd7 8.
Nb5 c6 9. a3 Ba5 10. Nd6 Bxd3 11. cxd3 Rb8 12. Qa4 Bc7 13. Qxa7 Bxd6 14.
Bxd6 Nc8 15. Qxb8 Nxb8 16. Bxb8 Nd6 17. Bxd6 Qxd6 18. Rac1 Ra8 19. Rc5 e5
20. Rfc1 exd4 21. Nxd4 g6 22. g3 Qc7 23. Rxd5 Qb6 24. Rd7 Qxb2 25. Rc5 Rxa3
26. Kg2 Ra1 27. h4 Qb1 28. Kf3 Ra2 29. Kg4 Rxf2 30. Kg5 Qb4 31. Nb3 Kg7 32.
h5 h6# {White checkmated} 0-1

[Event "ICC tourney 2001 (30 10)"]
[Site "Internet Chess Club"]
[Date "2020.09.12"]
[Round "2"]
[White "Baseballchamp"]
[Black "cooljay"]
[Result "0-1"]
[ICCResult "White resigns"]
[WhiteElo "2053"]
[BlackElo "2076"]
[Opening "Ruy Lopez: Anderssen variation"]
[ECO "C77"]
[NIC "RL.12"]
[Time "13:02:59"]
[TimeControl "1800+10"]

1. e4 e5 2. Nf3 Nc6 3. Bb5 a6 4. Ba4 Nf6 5. d3 b5 6. Bb3 Bc5 7. O-O d6 8. c3
Bb6 9. Nbd2 Be6 10. Re1 O-O 11. Nf1 Ne7 12. Ng3 Ng6 13. h3 Qd7 14. Bg5 h6
15. Bxf6 gxf6 16. Nh2 Nf4 17. Nh5 Nxh5 18. Qxh5 Kh7 19. Ng4 Bxg4 20. hxg4
Rg8 21. Bd1 Rg5 22. Qh4 Kg7 23. g3 Rh8 24. Kg2 Kf8 25. a4 Ke7 26. axb5 Qxb5
27. Re2 Qxd3 28. Ra3 Qxd1 {White resigns} 0-1

[Event "ICC tourney 2001 (30 10)"]
[Site "Internet Chess Club"]
[Date "2020.09.12"]
[Round "2"]
[White "gsmenon"]
[Black "Singireddy"]
[Result "0-1"]
[ICCResult "White checkmated"]
[WhiteElo "1904"]
[BlackElo "2074"]
[Opening "King's Indian: fianchetto, Yugoslav, 7.O-O"]
[ECO "E65"]
[NIC "KI.69"]
[Time "13:03:05"]
[TimeControl "1800+10"]

1. Nf3 Nf6 2. g3 g6 3. Bg2 Bg7 4. d4 O-O 5. O-O d6 6. c4 c5 7. Nc3 cxd4 8.
Nxd4 Nbd7 9. h3 Nb6 10. Qd3 Nfd7 11. b3 Nc5 12. Qd2 a5 13. Rb1 Bd7 14. Rd1
a4 15. Qe1 axb3 16. axb3 Qc8 17. Kh2 f5 18. Be3 Be5 19. f4 Bg7 20. Nd5 Nxd5
21. Bxd5+ e6 22. Bg2 Ne4 23. Rdc1 e5 24. Nb5 Bc6 25. Bxe4 Bxe4 26. Nxd6 Qc6
27. Nxe4 Qxe4 28. Qf2 Ra2 29. Kg1 Re8 30. Re1 exf4 31. Bxf4 Bd4 32. e3 Rxf2
33. Kxf2 Bc3 34. Red1 Ra8 35. g4 Ra2+ 36. Kg3 Qg2+ 37. Kh4 Bf6+ 38. g5 Bxg5+
39. Bxg5 Qf2# {White checkmated} 0-1

[Event "ICC tourney 2001 (30 10)"]
[Site "Internet Chess Club"]
[Date "2020.09.12"]
[Round "2"]
[White "tedchen"]
[Black "tcao"]
[Result "1-0"]
[ICCResult "Black resigns"]
[WhiteElo "2297"]
[BlackElo "1852"]
[Opening "QGD: Semi-Tarrasch, 5.cd"]
[ECO "D41"]
[NIC "TD.12"]
[Time "13:03:00"]
[TimeControl "1800+10"]

1. d4 e6 2. c4 d5 3. Nf3 Nf6 4. Nc3 c5 5. cxd5 exd5 6. Bg5 cxd4 7. Bxf6 Qxf6
8. Nxd5 Qd8 9. Qxd4 Be6 10. e4 Nc6 11. Bb5 a6 12. Bxc6+ bxc6 13. Nc3 Qxd4
14. Nxd4 Bd7 15. O-O-O O-O-O 16. Nb3 Be7 17. f4 g6 18. Na4 Be6 19. Nbc5 Bg4
20. Rd2 Rxd2 21. Kxd2 Rd8+ 22. Ke3 g5 23. g3 Bd1 24. b3 gxf4+ 25. gxf4 a5
26. Nd3 Bc2 27. Ne5 Bb4 {Black resigns} 1-0

[Event "ICC tourney 2001 (30 10)"]
[Site "Internet Chess Club"]
[Date "2020.09.12"]
[Round "2"]
[White "kingcaleb"]
[Black "tactics321"]
[Result "0-1"]
[ICCResult "White resigns"]
[WhiteElo "2101"]
[BlackElo "2569"]
[Opening "Sicilian defense"]
[ECO "B30"]
[NIC "SI.31"]
[Time "13:04:50"]
[TimeControl "1800+10"]

1. e4 c5 2. Nf3 Nc6 3. c3 Nf6 4. e5 Nd5 5. d4 cxd4 6. cxd4 d6 7. Bc4 Nb6 8.
Bb3 dxe5 9. d5 Na5 10. Nc3 f6 11. O-O Bg4 12. Be3 Nxb3 13. axb3 e6 14. d6
Bxd6 15. Qe2 O-O 16. Rfd1 Qe7 17. Ne4 Nd5 18. Qb5 a6 19. Qd3 f5 20. Nxd6
Qxd6 21. Nd2 Bxd1 22. Rxd1 e4 23. Qd4 b5 24. Nb1 Rad8 25. Bg5 Rd7 26. Nc3
Qc6 27. h4 h6 28. Be3 Rfd8 {White resigns} 0-1

[Event "ICC tourney 2001 (30 10)"]
[Site "Internet Chess Club"]
[Date "2020.09.12"]
[Round "2"]
[White "musk6868"]
[Black "espark"]
[Result "0-1"]
[ICCResult "White resigns"]
[WhiteElo "2035"]
[BlackElo "2311"]
[Opening "Robatsch (modern) defense"]
[ECO "B06"]
[NIC "KF.05"]
[Time "13:03:14"]
[TimeControl "1800+10"]

1. e4 g6 2. d4 Bg7 3. Nc3 d6 4. Be3 a6 5. Qd2 b5 6. h4 h6 7. O-O-O Nd7 8.
Kb1 Bb7 9. f4 b4 10. Nd5 a5 11. Bd3 e6 12. Nxb4 axb4 13. Qxb4 Rb8 14. Qe1
Ngf6 15. f5 gxf5 16. exf5 Qe7 17. Qg3 Rg8 18. fxe6 fxe6 19. Ne2 Bf8 20. Bg6+
Kd8 21. h5 Nb6 22. Bc1 Be4 23. Nf4 Nbd5 24. Rde1 Nxf4 25. Bxf4 Nxh5 26. Bxh5
Rxg3 27. Bxg3 Qh7 28. Rhf1 Bxc2+ 29. Kc1 Bf5 30. Bh4+ Kd7 31. g4 Bg6 32. Rf6
Bxh5 33. gxh5 Be7 {White resigns} 0-1

[Event "ICC tourney 2001 (30 10)"]
[Site "Internet Chess Club"]
[Date "2020.09.12"]
[Round "2"]
[White "JunlinTheWorld"]
[Black "smilingfloor"]
[Result "1/2-1/2"]
[ICCResult "Game drawn by mutual agreement"]
[WhiteElo "1916"]
[BlackElo "1944"]
[Opening "Sicilian: Boleslavsky variation, 7.Nb3"]
[ECO "B59"]
[NIC "SI.25"]
[Time "13:03:02"]
[TimeControl "1800+10"]

1. e4 c5 2. Nf3 d6 3. d4 cxd4 4. Nxd4 Nf6 5. Nc3 Nc6 6. Be2 e5 7. Nb3 Be7 8.
O-O O-O 9. Be3 a5 10. a4 Nb4 11. Bf3 Be6 12. Bg5 h6 13. Bxf6 Bxf6 14. Nd5
Nxd5 15. exd5 Bf5 16. Nd2 Be7 17. Be4 Bd7 18. Bd3 f5 19. Bb5 Bxb5 20. axb5
Qd7 21. c4 b6 22. b4 axb4 23. Ra4 Rxa4 24. Qxa4 f4 25. f3 h5 26. Ra1 Qf5 27.
Ne4 g5 28. Qa7 Re8 29. Qxb6 Qg6 30. c5 g4 31. Kh1 Kh7 32. cxd6 gxf3 33. gxf3
Bd8 34. Qa7+ Kh8 35. Rg1 Qh6 36. Qf7 Rf8 37. Qe6 Kh7 38. Qxe5 b3 39. Qc3 Bb6
40. Ng5+ Kg8 41. Rg2 Rf6 42. Ne6+ Kf7 43. Qc8 Rg6 44. Rxg6 Kxg6 45. Qg8+ Kf5
46. Ng7+ Ke5 47. Qe8+ Kxd5 48. Qe4+ Kc5 49. Qc6+ Kb4 50. Nf5 Qe6 51. Qxb6
Qxf5 52. Qd4+ Ka3 53. Qa7+ Kb4 54. Qd4+ Ka3 55. d7 b2 56. Qd6+ Ka2 57. d8=Q
b1=Q+ 58. Qd1 Qxd1+ 59. Qxd1 Qxb5 60. Qc2+ Qb2 61. Qa4+ Kb1 62. Qe4+ Qc2 63.
Qxf4 Qf2 64. Qb4+ Kc1 65. Qc3+ Kd1 66. Qd3+ Ke1 67. Qe4+ Kd2 68. Qf4+ Ke2
69. Qe4+ Kd2 70. Qb4+ Ke3 71. Qc3+ Ke2 72. Qc2+ Kxf3 73. Qxf2+ Kxf2 74. h4
Kg3 75. Kg1 Kxh4 76. Kh2 Kg4 {Game drawn by mutual agreement} 1/2-1/2

[Event "ICC tourney 2001 (30 10)"]
[Site "Internet Chess Club"]
[Date "2020.09.12"]
[Round "2"]
[White "town"]
[Black "IndianTerritory"]
[Result "0-1"]
[ICCResult "White resigns"]
[WhiteElo "2130"]
[BlackElo "2023"]
[Opening "Caro-Kann: Bronstein-Larsen variation"]
[ECO "B16"]
[NIC "CK.07"]
[Time "13:02:58"]
[TimeControl "1800+10"]

1. e4 c6 2. d4 d5 3. Nc3 dxe4 4. Nxe4 Nf6 5. Nxf6+ gxf6 6. Nf3 Bf5 7. Bd3
Bxd3 8. Qxd3 Bg7 9. Bf4 Nd7 10. O-O-O Nb6 11. Kb1 Nd5 12. Bd2 e6 13. g4 a5
14. h4 b5 15. g5 Nb4 16. Qa3 Nd5 17. h5 a4 18. Rde1 f5 19. g6 Bf6 20. gxf7+
Kxf7 21. Ne5+ Bxe5 22. Rxe5 Qd7 23. h6 Rhg8 24. Qf3 a3 25. b3 b4 26. Qh5+
Rg6 27. Rhe1 Nf6 28. Qh4 Ng4 29. R5e2 Qxd4 30. Bc1 Rxh6 31. Qg3 Re8 32. c3
bxc3 33. Bxh6 Nxh6 34. Qc7+ Re7 35. Qxc6 Ng4 36. Qf3 Nf6 37. Qe3 Qe4+ 38.
Qxe4 Nxe4 39. Kc2 Rc7 40. f3 Nf6 41. Rxe6 Nd5 42. Rh6 Nb4+ 43. Kc1 Nd3+ 44.
Kd1 Kg7 45. Rhh1 c2+ 46. Kd2 Nxe1 47. Rxe1 h5 48. Kc1 Kh6 49. Rh1 Rc3 50. f4
Rf3 51. Rh4 Rxb3 52. axb3 a2 53. Kb2 a1=Q+ 54. Kxa1 c1=Q+ 55. Ka2 Qd2+ 56.
Ka3 Qa5+ 57. Kb2 Qe1 58. Ka3 Qxh4 {White resigns} 0-1

[Event "ICC tourney 2001 (30 10)"]
[Site "Internet Chess Club"]
[Date "2020.09.12"]
[Round "2"]
[White "helavir"]
[Black "jy2020"]
[Result "1-0"]
[ICCResult "Black resigns"]
[WhiteElo "2644"]
[BlackElo "2239"]
[Opening "Sicilian: Canal-Sokolsky (Nimzovich-Rossolimo, Moscow) attack"]
[ECO "B51"]
[NIC "SI.01"]
[Time "13:03:38"]
[TimeControl "1800+10"]

1. e4 c5 2. Nf3 d6 3. Bb5+ Nd7 4. c3 Nf6 5. Bd3 a6 6. O-O b5 7. Bc2 Bb7 8.
Re1 c4 9. b3 e6 10. Na3 Rc8 11. bxc4 bxc4 12. Rb1 Ba8 13. Qe2 d5 14. exd5
Bxd5 15. d3 cxd3 16. Qxd3 Qa5 17. Bb3 Bxa3 18. Bxa3 Qxa3 19. Bxd5 Qxc3 20.
Qd1 O-O 21. Bb7 Rcd8 22. Bxa6 Nc5 23. Qe2 Nxa6 24. Qxa6 Ra8 25. Qe2 Qa3 26.
Rb2 Nd5 27. Qd2 Rfd8 28. Rd1 Qa5 29. Qxa5 Rxa5 30. Ne5 Rda8 31. Rdd2 g6 32.
Nd3 Kg7 33. g3 h5 34. h4 Ra3 35. Ne5 Kf6 36. Nd7+ Kg7 37. Rb7 R3a7 38. Rdb2
Rxb7 39. Rxb7 Rc8 40. Ne5 Rc7 41. Rxc7 Nxc7 42. Kf1 Kf6 43. f4 Na6 44. a4
Ke7 45. Ke2 f6 46. Nxg6+ Kf7 47. f5 e5 48. a5 Nc5 49. Kf3 Ke8 50. g4 hxg4+
51. Kxg4 Kf7 52. h5 Kg7 53. Ne7 Na6 54. Nd5 Nc5 55. Nc7 Kh6 56. a6 Nd7 57.
Nd5 e4 58. a7 Ne5+ 59. Kf4 Nd3+ 60. Kxe4 Nc5+ 61. Kf3 {Black resigns} 1-0

[Event "ICC tourney 2001 (30 10)"]
[Site "Internet Chess Club"]
[Date "2020.09.12"]
[Round "2"]
[White "coolsportsguy"]
[Black "MrNormalName"]
[Result "1/2-1/2"]
[ICCResult "Game drawn because neither player has mating material"]
[WhiteElo "2349"]
[BlackElo "2193"]
[Opening "Queen's pawn: London system"]
[ECO "A45"]
[NIC "QP.07"]
[Time "13:03:50"]
[TimeControl "1800+10"]

1. d4 Nf6 2. Bf4 d5 3. e3 c5 4. c3 Nc6 5. Nd2 e6 6. Ngf3 Bd6 7. Bg3 O-O 8.
Bd3 b6 9. e4 Be7 10. e5 Nh5 11. O-O Nxg3 12. hxg3 cxd4 13. cxd4 Nb4 14. Be2
Ba6 15. a3 Bxe2 16. Qxe2 Nc6 17. Rac1 Rc8 18. Rc3 Qd7 19. Rfc1 Qb7 20. Qd3
a5 21. Qc2 Na7 22. Rc7 Rxc7 23. Qxc7 Rb8 24. g4 h6 25. g3 Bd8 26. Qxb7 Rxb7
27. Kf1 Rc7 28. Rxc7 Bxc7 29. Nb1 f6 30. exf6 gxf6 31. Nc3 b5 32. a4 b4 33.
Nb1 Kf7 34. Nbd2 Bb6 35. Nb3 Nc6 36. Ke2 Kg6 37. Kd3 e5 38. dxe5 fxe5 39.
Ke2 e4 40. Ne1 Kg5 41. Ng2 Kxg4 42. Nf4 d4 43. Nd5 Ba7 44. Nd2 Kf5 45. Nc7
d3+ 46. Ke1 Ne5 47. Nb5 Bc5 48. Nb3 Nf3+ 49. Kf1 d2 50. Ke2 d1=Q+ 51. Kxd1
Bxf2 52. Nxa5 Bxg3 53. Nc6 Ne5 54. Nxb4 e3 55. Ke2 Ke4 56. Nc3+ Kd4 57. Nc2+
Kc4 58. Nxe3+ Kb3 59. Nf5 Bf4 60. Nd5 Bc1 61. a5 Bxb2 62. a6 Nc6 63. Nb6 Kb4
64. Nd6 Ka5 65. Nbc4+ Kxa6 66. Nxb2 Kb6 67. Nd3 h5 68. Nf5 h4 69. Nxh4 Nd4+
70. Ke3 Nc2+ 71. Kd2 Nd4 72. Kc3 Ne2+ 73. Kc4 Kc6 74. Nf3 Kd6 75. Nd2 Ng3
76. Kd4 Nf5+ 77. Ke4 Ng3+ 78. Kf3 Nf5 79. Nc4+ Kd5 80. Ne3+ Nxe3
{Game drawn because neither player has mating material}
1/2-1/2

[Event "ICC tourney 2001 (30 10)"]
[Site "Internet Chess Club"]
[Date "2020.09.12"]
[Round "3"]
[White "espark"]
[Black "TjkTiger"]
[Result "1/2-1/2"]
[ICCResult "Game drawn by mutual agreement"]
[WhiteElo "2316"]
[BlackElo "2600"]
[Opening "Sicilian: accelerated fianchetto, Maróczy bind, 6.Be3"]
[ECO "B38"]
[NIC "SI.43"]
[Time "15:01:54"]
[TimeControl "1800+10"]

1. e4 c5 2. Nf3 g6 3. d4 cxd4 4. Nxd4 Bg7 5. c4 Nc6 6. Be3 Qb6 7. Nb3 Qd8 8.
Nd4 d6 9. Nc3 Qb6 10. Ndb5 Bxc3+ 11. Nxc3 Qxb2 12. Nb5 Kf8 13. Be2 Qe5 14.
O-O Nf6 15. f3 g5 16. Nc7 Rb8 17. Nd5 Rg8 18. Qd2 h6 19. Rad1
{Game drawn by mutual agreement}
1/2-1/2